 Dungeon Crawl Stone Soup version 0.31.0-32-g396128a36d (webtiles) character file.

Game seed: 10770388166594824490

1904 Minsecho the Cudgeller (level 9, -6/71 HPs)
             Began as a Formicid Fighter on Mar 16, 2024.
             Was an Initiate of Okawaru.
             Mangled by an orc warrior
             ... wielding a +0 dire flail
              (17 damage)
             ... on level 7 of the Dungeon.
             The game lasted 00:12:56 (6711 turns).

Minsecho the Cudgeller (Formicid Fighter)           Turns: 6711, Time: 00:12:57

Health: -6/71      AC:  7    Str: 26    XL:     9   Next: 38%
Magic:  9/9        EV: 11    Int:  7    God:    Okawaru [......]
Gold:   270        SH:  6    Dex: 13    Spells: 8/8 levels left

rFire   . . .        a - +0 flail
rCold   . . .        c - +1 buckler
rNeg    . . .        b - +0 scale mail
rPois   .            (helmet unavailable)
rElec   .            D - scarf {repulsion}
rCorr   .            (no gloves)
SInv    +            (no boots)
Will    .....        (no amulet) Stlth
                     (no ring)
HPRegen 0.31/turn    (no ring)
MPRegen 0.11/turn

%: repel missiles
@: no status effects
A: permanent stasis, dig shafts and tunnels, antennae 3, four strong arms
a: Dig, Shaft Self, Renounce Religion


You were on level 7 of the Dungeon.
You worshipped Okawaru.
Okawaru was noncommittal.
You visited 2 branches of the dungeon, and saw 8 of its levels.

You collected 270 gold pieces.

Inventory:

Hand Weapons
 a - a +0 flail (weapon)
Missiles
 f - 8 poisoned darts
 j - 2 curare-tipped darts
 s - 5 atropa-tipped darts
 A - 3 throwing nets
Armour
 b - a +0 scale mail (worn)
 c - a +1 buckler (worn)
 l - a +0 cloak
 D - a scarf of repulsion (worn)
Wands
 v - a wand of flame (35) (quivered)
Scrolls
 g - a scroll of poison {unknown}
 h - 2 scrolls of immolation
 n - a scroll of noise {unknown}
 p - a scroll of enchant armour
 q - a scroll of torment {unknown}
 r - a scroll of fear {unknown}
 w - a scroll of fog
 x - a scroll of blinking
 B - a scroll of teleportation {unknown}
Potions
 e - 2 potions of berserk rage
 i - a potion of curing
 k - 2 potions of magic
 m - a potion of enlightenment
 o - 3 potions of lignification
 t - a potion of resistance
 u - a potion of brilliance
 z - a potion of invisibility
 C - a potion of attraction


   Skills:
 * Level 6.5 Fighting
 + Level 7.0 Maces & Flails
 + Level 1.2 Throwing
 + Level 6.2 Armour
 + Level 2.6 Dodging
 + Level 1.0 Stealth
 + Level 6.3 Shields
 * Level 1.2 Invocations
 * Level 3.0 Evocations


You had 8 spell levels left.
You didn't know any spells.
Your spell library contained the following spells:

 Spells                   Type           Power      Damage    Failure   Level
 Passage of Golubria      Tloc           0%         N/A       100%        4
 Silence                  Hex/Air        0%         N/A       100%        5
 Lehudib's Crystal Spear  Conj/Erth      0%         10d2      100%        8


Dungeon Overview and Level Annotations

Branches:
Dungeon (7/15)             Temple (1/1) D:6

Altars:
Ashenzari
Cheibriados
Dithmenos
Elyvilon
Fedhas
Gozag
Hepliaklqana
Nemelex Xobeh
Okawaru
Qazlal
Sif Muna
Trog
Uskayaw
Vehumet
Wu Jian
Xom
Yredelemnul
Zin
The Shining One


Innate Abilities, Weirdness & Mutations

You cannot be hasted, slowed, berserked, paralysed or teleported.
You can dig through walls and to a lower floor.
You have a pair of large antennae on your head. (SInv)
Your four strong arms can wield two-handed weapons with a shield.


Message History

You hear the faint creaking of a portcullis very nearby.
The orc warrior hits you with a +0 dire flail.
You are too injured to fight recklessly!
You hit the orc warrior.
The orc warrior is heavily wounded.
You block the orc warrior's attack.
You barely miss the orc warrior.
The orc warrior is heavily wounded.
The orc wizard mumbles some strange words.
The orc wizard flickers and vanishes for a moment.
The orc warrior barely misses you.
You barely miss the orc warrior.
The orc warrior is heavily wounded.
You block the orc warrior's attack.
You hit the orc warrior but do no damage.
The orc warrior is heavily wounded.
You block the orc warrior's attack.
You thump the orc warrior!
The orc warrior is almost dead.
The orc warrior barely misses you.
You barely miss the orc warrior.
The orc warrior is almost dead.
The orc warrior hits you with a +0 dire flail!!
* * * LOW HITPOINT WARNING * * *
Okay, then.
Unknown command.
Press: ? - help, v - describe, . - travel, g - get item
Here: an orc warrior, wielding a +0 dire flail and wearing a +0 plate armour (almost dead) Item here: a hound corpse.
The floor, spattered with blood.
Aiming: Throw Flame
Press: ? - help, Shift-Dir - straight line, f/p - orc warrior
Aim: an orc warrior, wielding a +0 dire flail and wearing a +0 plate armour (almost dead, 71% to hit)
The puff of flame hits the orc warrior but does no damage.
The orc warrior is almost dead.
The orc warrior hits you with a +0 dire flail!
* * * LOW HITPOINT WARNING * * *
You feel better.
The orc warrior hits you with a +0 dire flail!
You die...

,*o/#.#§§§§§§§.........*
,,.##..§§§§............*
,,.#...##§§...........#*
,*...#.###....$.(....#*
,,.!.........(.(...##*
**#..#.....o.o.....#
**........###..oo..#
*....$h..######o###
*,....o....####@#
*,,......,,,* #.#
*,,,...,,*,,**#.#
**,,,,,,,,*,,,,#.#
,,,,,,,,,,**,,,..#
**,,,,,,,,*****#.#
*,,,,,,,,*****#$#
****,,,,,8,,,,,#.#
,,**,,8,,,,,8,,,,*


You could see an orc warrior, an orc wizard (invisible) and an orc.

Vanquished Creatures
  Grinder (D:5)
  A water moccasin (D:6)
  An ice beast (D:6)
  A centaur (D:6)
  A phantom (D:6)
  A kobold brigand (D:6)
  Blork the orc (D:5)
  3 scorpions
  2 howler monkeys
  2 orc priests
  2 bombardier beetles
  7 hounds
  A gnoll bouda (D:5)
  2 jellies
  Terence (D:3)
  A sleepcap (D:5)
  2 iguanas (D:5)
  5 orc wizards (D:4)
  12 gnolls
  6 adders
  A shadow imp (D:5)
  A white imp (D:5)
  3 ribbon worms
  5 dart slugs
  19 orcs
  9 bats
  5 endoplasms
  8 giant cockroaches
  8 goblins
  12 hobgoblins
  9 jackals
  2 quokkas
  2 ball pythons
  5 frilled lizards
  10 kobolds
  5 rats
157 creatures vanquished.

Notes
Turn   | Place    | Note
-------+----------+-------------------------------------------
     0 | D:1      | Minsecho the Formicid Fighter began the quest for the Orb.
     0 | D:1      | Reached XP level 1. HP: 18/18 MP: 1/1
   112 | D:1      | Reached XP level 2. HP: 19/24 MP: 2/2
   332 | D:1      | Reached XP level 3. HP: 22/29 MP: 3/3
  1416 | D:2      | Reached XP level 4. HP: 37/37 MP: 4/4
  1444 | D:2      | Reached skill level 3 in Maces & Flails
  1636 | D:2      | Reached skill level 1 in Dodging
  1636 | D:2      | Reached XP level 5. HP: 42/42 MP: 5/5
  1983 | D:3      | Noticed Terence
  1994 | D:3      | Killed Terence
  2068 | D:3      | Reached XP level 6. HP: 24/48 MP: 6/6
  2323 | D:3      | Reached skill level 4 in Maces & Flails
  3269 | D:4      | Reached XP level 7. HP: 15/55 MP: 7/7
  3716 | D:4      | Reached skill level 5 in Fighting
  3776 | D:5      | Entered Level 5 of the Dungeon
  3810 | D:4      | Reached skill level 5 in Shields
  3812 | D:4      | Reached skill level 5 in Maces & Flails
  4046 | D:5      | Reached skill level 5 in Armour
  4152 | D:5      | Noticed Blork the orc
  4164 | D:5      | Killed Blork the orc
  4165 | D:5      | Reached XP level 8. HP: 24/63 MP: 8/8
  4578 | D:5      | Noticed Grinder
  4606 | D:5      | Killed Grinder
  4607 | D:5      | Reached skill level 1 in Throwing
  4607 | D:5      | Reached skill level 1 in Evocations
  5233 | D:5      | Reached skill level 6 in Maces & Flails
  5408 | D:6      | Reached skill level 1 in Stealth
  5608 | D:6      | Reached XP level 9. HP: 67/69 MP: 9/9
  5945 | D:6      | Found a staircase to the Ecumenical Temple.
  5966 | Temple   | Entered the Ecumenical Temple
  5975 | Temple   | Became a worshipper of Warmaster Okawaru
  6397 | D:6      | Reached skill level 1 in Invocations
  6701 | D:7      | Reached skill level 7 in Maces & Flails
  6711 | D:7      | Mangled by an orc warrior

Illustrated notes

Levels and vault maps discovered:
D:1:      onia_arrival_mini_maze, layout_basic, nicolae_figureground_sparkle
D:2:      layout_basic, kennysheep_boxes
D:3:      layout_basic, minmay_distorted, uniq_terence
D:4:      layout_gridville
D:5:      layout_cave_pools, nicolae_titane, uniq_grinder, uniq_blork_the_orc
D:6:      layout_basic, temple_hall
D:7:      layout_rooms, minmay_overflow_temple_star_quad, enter_bailey_6,
          uniq_duvessa
Temple:   hellmonk_temple_of_storms

Skill      XL: |  1  2  3  4  5  6  7  8  9 |
---------------+----------------------------+-----
Maces & Flails | 3 4 5 6 7 |  7.0
Fighting       | 4 5 6 |  6.5
Armour         | 4 5 6 |  6.2
Dodging        | 1 2 |  2.6
Shields        | 5 6 |  6.3
Throwing       | 1 |  1.2
Evocations     | 2 3 |  3.0
Stealth        | 1 |  1.0
Invocations    | 1 |  1.2

Action                     |  1- 3 |  4- 6 |  7- 9 || total
---------------------------+-------+-------+-------++-------
  Melee: Flail             |   145 |   196 |   324 ||   665
  Throw: Dart              |       |       |    20 ||    20
Ability: Dig               |       |       |     2 ||     2
  Evoke: Wand              |       |       |    18 ||    18
    Use: Scroll            |       |     5 |     9 ||    14
         Potion            |       |     2 |     3 ||     5
   Stab: Confused          |       |       |     1 ||     1
 Armour: Scale mail        |    95 |   174 |   230 ||   499
  Dodge: Dodged            |    66 |   119 |   166 ||   351
  Block: Buckler           |    37 |    66 |   108 ||   211
